 Dungeon Crawl Stone Soup version 0.30-a0-476-g330ca2eb8e (webtiles) character file.

Game seed: 17974273183751856595

271 p00ps00p the Trooper (level 6, -4/56 HPs)
             Began as a Hill Orc Fighter on Dec 21, 2022.
             Splashed by a jelly's acid (8 damage)
             ... on level 4 of the Dungeon.
             The game lasted 00:03:50 (2845 turns).

p00ps00p the Trooper (Hill Orc Fighter)             Turns: 2845, Time: 00:03:50

Health: -4/56      AC: 13    Str: 21    XL:     6   Next: 23%
Magic:  2/2        EV:  6    Int:  8    God:
Gold:   250        SH:  0    Dex: 10    Spells: 5/5 levels left

rFire   . . .      SeeInvis .    o - +1 war axe (antimagic)
rCold   . . .      Faith    .    c - +0 buckler
rNeg    . . .      Spirit   .    h - +1 plate armour
rPois   .          Reflect  .    (no helmet)
rElec   .          Harm     .    (no cloak)
rCorr   .          Rampage  .    (no gloves)
Will    .....                    (no boots)
Stlth   ..........               (no amulet)
HPRegen 0.29/turn                (no ring)
MPRegen 0.08/turn                (no ring)

@: confused, ambrosia-drunk, flying, hasted, very quick
A: no striking features
a: no special abilities


You were on level 4 of the Dungeon.
You visited 1 branch of the dungeon, and saw 4 of its levels.

You collected 250 gold pieces.

Inventory:

Hand Weapons
 a - a +1 war axe
 o - a +1 antimagic war axe (weapon)
Missiles
 f - 4 boomerangs of dispersal (quivered)
Armour
 c - a +0 buckler (worn)
 h - a +1 plate armour (worn)
Jewellery
 e - a ring of magical power
Scrolls
 b - a scroll of immolation
 k - a scroll of amnesia
 l - a scroll of torment
Potions
 n - 3 potions of brilliance


   Skills:
 + Level 5.1 Fighting
 + Level 4.8 Axes
 + Level 4.6 Armour
 + Level 4.6 Shields


You had 5 spell levels left.
You didn't know any spells.
Your spell library was empty.

Dungeon Overview and Level Annotations

Branches:
Dungeon (4/15)
 Temple: D:4-7

Altars:
Ru
Trog

Annotations:
D:4 Ijyb


Message History

You are too injured to fight recklessly!
Unknown command.
You are too injured to fight recklessly!
Unknown command.
You are too injured to fight recklessly!
Unknown command.
You hit the black bear.
The black bear is lightly wounded.
You slash the jelly!
Your hands burn!
* * * LOW HITPOINT WARNING * * *
You barely miss Ijyb. The jelly barely misses you.
Ijyb screams, "I no like you!" Ijyb hits you but does no damage.
The black bear bites you but does no damage.
You block the black bear's attack.
The black bear claws you but does no damage.
It was a potion of haste.
You feel yourself speed up. The jelly hits you but does no damage.
Ijyb hits you with a +2 dagger of protection.
* * * LOW HITPOINT WARNING * * *
The black bear bites you.
* * * LOW HITPOINT WARNING * * *
The black bear barely misses you.
The black bear claws you but does no damage.
It was a potion of ambrosia.
You are confused.
You feel invigorated. The black bear barely misses you.
The black bear claws you but does no damage. x2
Ijyb zaps a wand.
The puff of flame hits you!
* * * LOW HITPOINT WARNING * * *
The jelly hits you but does no damage.
It was a potion of flight.
You feel very buoyant.
You fly up into the air.
You completely miss the jelly.
The jelly is severely wounded.
You miss Ijyb. You closely miss the black bear. The jelly hits you.
* * * LOW HITPOINT WARNING * * *
You are splashed with acid!
You die...

### ..# #.. #.# .. #..
.. #. #.###.## #.#####.
. ... ..h ........ ..#
#J# #.# #.#####. ..
#g###.#####.#####.
..##.#@##..............
......J.h....##.#.####..
........................
......#.##......######..
.....##.##...##.# #..
..... ..##...##.# #..
..#. ...##...##.######..
..#.......#.###........#
.##..#.#.# #........#


You could see a black bear, Ijyb, a jelly and an endoplasm.

Vanquished Creatures
  An acid dragon (D:4)
  Jessica (D:2)
  An orc wizard (D:3)
  A gnoll (D:3)
  3 adders
  2 dart slugs
  5 orcs
  6 ball pythons
  2 endoplasms (D:1)
  4 giant cockroaches
  4 goblins
  A hobgoblin (D:1)
  2 jackals (D:3)
  7 kobolds
  A quokka (D:1)
  9 bats
  3 frilled lizards
  12 rats
65 creatures vanquished.

Notes
Turn   | Place    | Note
-------+----------+-------------------------------------------
     0 | D:1      | p00ps00p the Hill Orc Fighter began the quest for the Orb.
     0 | D:1      | Reached XP level 1. HP: 19/19 MP: 1/1
   194 | D:1      | Reached XP level 2. HP: 27/27 MP: 2/2
   393 | D:1      | Found a faded altar of an unknown god.
   596 | D:1      | Reached skill level 4 in Fighting
   635 | D:1      | Reached XP level 3. HP: 33/33 MP: 3/3
  1044 | D:2      | Found a sacrificial altar of Ru.
  1134 | D:2      | Noticed Jessica
  1146 | D:2      | Killed Jessica
  1147 | D:2      | Reached XP level 4. HP: 15/40 MP: 4/4
  2228 | D:3      | Reached XP level 5. HP: 37/47 MP: 5/5
  2437 | D:3      | Found a bloodstained altar of Trog.
  2618 | D:4      | Noticed an acid dragon
  2625 | D:4      | Killed an acid dragon
  2626 | D:4      | Reached skill level 5 in Fighting
  2626 | D:4      | Reached XP level 6. HP: 40/56 MP: 2/6
  2830 | D:4      | Noticed Ijyb
  2830 | D:4      | Noticed a black bear
  2843 | D:4      | HP: 1/56 [Ijyb/puff of flame (10)]
  2845 | D:4      | Splashed by a jelly's acid

Illustrated notes

Levels and vault maps discovered:
D:1:      tarquinn_simple_flora_water_e, layout_loops_ring,
          hellmonk_ecumenical_altar_run_dry, dk_noncrumbling_4,
          minmay_rat_gold_closets
D:2:      layout_basic, basic_altar, uniq_jessica
D:3:      minmay_wonky_spiral, layout_basic, trog_antimagical
D:4:      wander_river, layout_basic, mainiacjoe_overflow_24_doors,
          lemuel_mausoleum_altar_yredelemnul, serial_shops, shop_fountains,
          uniq_ijyb

Skill      XL: |  1  2  3  4  5 |
---------------+----------------+-----
Axes           | 3 4 |  4.8
Fighting       | 4 5 |  5.1
Shields        | 4 |  4.6
Armour         | 4 |  4.6

Action                   |  1- 3 |  4- 6 || total
-------------------------+-------+-------++-------
Melee: War axe           |    68 |   108 ||   176
  Use: Scroll            |     5 |     5 ||    10
       Potion            |     2 |     3 ||     5
Armor: Plate armour      |    50 |   119 ||   169
       Scale mail        |     1 |       ||     1
Dodge: Dodged            |    20 |    38 ||    58
Block: Buckler           |     8 |    23 ||    31

Table legend: (Time is in decaauts)
 A = Elapsed time spent in this place.
 B = Non-inter-level travel time spent in this place.
 C = Inter-level travel time spent in this place.
 D = Time resting spent in this place.
 E = Time spent auto-exploring this place.
 F = Levels seen in this place.
 G = Mean time per level.
                   A        B        C        D        E       F      G
               +--------+--------+--------+--------+--------+-----+--------+
         Total |   2906 |   2847 |     59 |      0 |   2345 |   4 |  726.5 |
       Dungeon |   2906 |   2847 |     59 |      0 |   2345 |   4 |  726.5 |
               +--------+--------+--------+--------+--------+-----+--------+

Top non-repeatable levels by time:
     D:3: 985 daAuts
     D:2: 878 daAuts
     D:1: 783 daAuts
     D:4: 258 daAuts
